 Dungeon Crawl Stone Soup version 0.26-b1-57-gb162d0664a (webtiles) character file.

Game seed: 10602415019079793264

108 Froggeryz the Cudgeller (level 4, 0/26 HPs)
             Began as a Gargoyle Gladiator on Jan 8, 2021.
             Slain by a worm (6 damage)
             ... on level 1 of the Dungeon.
             The game lasted 00:00:59 (821 turns).

Froggeryz the Cudgeller (Gargoyle Gladiator)         Turns: 821, Time: 00:00:59

Health: 0/26       AC: 10    Str: 18    XL:     4   Next: 87%
Magic:  4/4        EV: 10    Int:  9    God:
Gold:   30         SH:  0    Dex: 11    Spells: 3/3 levels left

rFire    . . .     SeeInvis .   a - +0 flail
rCold    . . .     Faith    .   (no shield)
rNeg     + . .     Spirit   .   g - +0 scale mail
rPois    ∞         Reflect  .   c - +0 helmet
rElec    +         Harm     .   (no cloak)
rCorr    .         Rampage  .   (no gloves)
Will     .....                  (no boots)
Stlth    ..........             (no amulet)
HPRegen  0.08/turn              (no ring)
MPRegen  0.09/turn              (no ring)

@: no status effects
A: negative energy resistance 1, electricity resistance, unbreathing,
petrification resistance, miasma immunity, AC +3
a: no special abilities


You were on level 1 of the Dungeon.
You visited 1 branch of the dungeon, and saw 1 of its levels.

You collected 30 gold pieces.

Inventory:

Hand Weapons
 a - a +0 flail (weapon)
Missiles
 d - 3 throwing nets (quivered)
 k - 5 curare-tipped darts
Armour
 c - a +0 helmet (worn)
 g - a +0 scale mail (worn)
Scrolls
 b - a scroll of identify {unknown}
 e - a scroll of teleportation {unknown}
 h - a scroll of magic mapping {unknown}
 i - a scroll of amnesia {unknown}
Potions
 f - a potion of mutation {unknown}
 j - a potion of experience {unknown}


   Skills:
 - Level 2.1 Fighting
 * Level 5.4 Maces & Flails
 - Level 1.7 Throwing
 - Level 2.4 Dodging


You had 3 spell levels left.
You didn't know any spells.
Your spell library was empty.

Dungeon Overview and Level Annotations

Branches:
Dungeon (1/15)

Altars:


Innate Abilities, Weirdness & Mutations

You are resistant to torment.
Your stone body is resilient. (AC +3)
You are immune to poison.
You resist negative energy. (rN+)
You are resistant to electric shocks. (rElec)
You can survive without breathing.
You are immune to petrification.
You are immune to miasma.


Message History

The worm is lightly wounded.
The worm barely misses you.
You hit the worm.
The worm is moderately wounded.
You hit the worm.
The worm is heavily wounded.
The worm closely misses you.
You hit the worm.
The worm is heavily wounded.
The worm bites you.
You hit the worm but do no damage.
The worm is heavily wounded.
You barely miss the worm.
The worm is heavily wounded.
The worm bites you!
* * * LOW HITPOINT WARNING * * *
You hit the worm.
The worm is severely wounded.
The worm bites you.
You die...

### #.####### ######.......#
##### ....##)####..#########...#
....##).........@w......^# ##
....'...###+#######'###..# #.
....##..#..⌠...>...⌠..#..# #.
##..##..#......<......#..# #.
#......'⌠....###....⌠'..#######)
#..#...#(............#.......÷..
##..#...#######'#######..######..
........# (.......... #..# #..
.#..#...#........Br...#..# #..


You could see a worm.

Vanquished Creatures
  A jelly (D:1)
  A gnoll (D:1)
  5 oozes (D:1)
  A dart slug (D:1)
  2 leopard geckos (D:1)
  A bat (D:1)
  9 giant cockroaches (D:1)
  3 goblins (D:1)
  5 hobgoblins (D:1)
  3 jackals (D:1)
  2 frilled lizards (D:1)
  4 kobolds (D:1)
  6 rats (D:1)
43 creatures vanquished.

Notes
Turn   | Place    | Note
-------+----------+-------------------------------------------
     0 | D:1      | Froggeryz the Gargoyle Gladiator began the quest for the
                  | Orb.
     0 | D:1      | Reached XP level 1. HP: 12/12 MP: 1/1
     1 | D:1      | Found a runed translucent door.
     1 | D:1      | Noticed a jelly
   123 | D:1      | Reached XP level 2. HP: 17/17 MP: 2/2
   233 | D:1      | Reached skill level 4 in Maces & Flails
   268 | D:1      | Reached XP level 3. HP: 21/21 MP: 3/3
   763 | D:1      | Reached skill level 5 in Maces & Flails
   763 | D:1      | Reached XP level 4. HP: 23/26 MP: 4/4
   821 | D:1      | Slain by a worm

Illustrated notes

Levels and vault maps discovered:
D:1:      dpeg_arrival_caged_fury, layout_basic

Skill      XL: |  1  2  3 |
---------------+----------+-----
Maces & Flails | 4 5 |  5.4
Fighting       | |  2.1
Throwing       | |  1.7
Dodging        | |  2.4

Action                   |  1- 3 |  4- 6 || total
-------------------------+-------+-------++-------
Melee: Flail             |    86 |    50 ||   136
Armor: Scale mail        |    46 |    17 ||    63
       Leather armour    |     3 |       ||     3
Dodge: Dodged            |    57 |    33 ||    90
